 Dungeon Crawl Stone Soup version 0.26-a0-1181-gd376ed14c5 (webtiles) character file.

Game seed: 2207149320273217573

8130 greenreed the Spear-Bearer (level 11, -11/148 HPs)
             Began as a Hill Orc Berserker on Dec 26, 2020.
             Was a High Priest of Trog.
             Mangled by an ice devil (23 damage)
             ... on level 11 of the Dungeon.
             The game lasted 00:47:52 (11507 turns).

greenreed the Spear-Bearer (Hill Orc Berserker)    Turns: 11507, Time: 00:47:52

Health: -11/148    AC: 13    Str: 24    XL:     11   Next: 26%
Magic:  11/11      EV: 13    Int:  7    God:    Trog [*****.]
Gold:   414        SH:  0    Dex: 10    Spells: 10/10 levels left

rFire    . . .     SeeInvis .   D - +1 halberd (protect)
rCold    . . .     Faith    +   (shield currently unavailable)
rNeg     . . .     Spirit   .   E - +3 swamp dragon scales
rPois    +         Reflect  .   B - +0 helmet
rElec    .         Harm     .   (no cloak)
rCorr    +         Rampage  .   (no gloves)
Will     .....                  (no boots)
Stlth    ..........             y - amulet of faith
HPRegen  0.34/turn              c - ring of resist corrosion
MPRegen  0.12/turn              (no ring)

@: berserking, very quick
A: no striking features
a: Renounce Religion, Berserk, Trog's Hand, Brothers in Arms


You were on level 11 of the Dungeon.
You worshipped Trog.
Trog was extremely pleased with you.
You visited 1 branch of the dungeon, and saw 11 of its levels.
You also visited: Ice Cave.

You collected 489 gold pieces.
You spent 75 gold pieces at shops.

Inventory:

Hand Weapons
 s - a +2 hunting sling of freezing
 D - a +1 halberd of protection (weapon)
Missiles
 r - 42 poisoned darts
Armour
 q - a +0 scale mail
 B - a +0 helmet (worn)
 E - +3 swamp dragon scales (worn)
Jewellery
 a - an uncursed amulet of reflection {unknown}
 c - a ring of resist corrosion (left hand)
 g - an uncursed ring of fire
 y - an amulet of faith (around neck)
 A - an uncursed ring of wizardry
 G - a cursed amulet of inaccuracy {unknown}
Wands
 l - a wand of enslavement (6)
 o - a wand of polymorph (7)
 t - a wand of disintegration (11)
 C - a wand of iceblast (22)
 F - a wand of random effects (17)
Scrolls
 e - 5 scrolls of fear
 f - 4 scrolls of remove curse
 h - a scroll of noise {unknown}
 i - 3 scrolls of magic mapping
 m - 3 scrolls of enchant armour
 n - 2 scrolls of teleportation
 p - 5 scrolls of identify {unknown}
 w - 2 scrolls of immolation {unknown}
 x - a scroll of random uselessness {unknown}
 z - a scroll of enchant weapon {unknown}
Potions
 b - 2 potions of attraction {unknown}
 d - 3 potions of curing
 j - 3 potions of heal wounds
 k - 4 potions of haste {unknown}
 u - 3 potions of cancellation {unknown}
 v - 3 potions of flight {unknown}
 H - a potion of mutation {unknown}
 I - a potion of degeneration {unknown}


   Skills:
 + Level 9.7 Fighting
 + Level 13.1 Polearms
 + Level 8.2 Armour
 + Level 5.5 Dodging
 - Level 0.2 Stealth
 + Level 0.4 Unarmed Combat


You had 10 spell levels left.
You didn't know any spells.
Your spell library contained the following spells:

 Spells                   Type           Power        Failure   Level
 Shock                    Conj/Air       0%           56%         1
 Swiftness                Air            0%           71%         2
 Static Discharge         Conj/Air       0%           90%         3
 Airstrike                Air            0%           100%        4
 Lightning Bolt           Conj/Air       0%           100%        5


Dungeon Overview and Level Annotations

Branches:
Dungeon (11/15)            Temple (0/1) D:4             Orc (0/2) D:10
  IceCv (visited)
   Lair: D:8-11

Altars:
Makhleb
Okawaru
Qazlal
Trog

Shops:
D:6 [   D:10 !

Annotations:
D:3 3 runed translucent doors, Arex's ghost, amateur DrMo; Crazy Yiuf
D:7 2 transporters


Message History

A red film seems to cover your vision as you go berserk!
You feel yourself moving faster!
You feel mighty! The ice devil barely misses you. The ice devil hits you.
The ice devil freezes you!!
* * * LOW HITPOINT WARNING * * *
You closely miss the ice devil.
The gargoyle hurls a stone arrow at you.
The stone arrow misses you.
The stone arrow hits the ice devil!
The ice devil completely misses you.
You closely miss the ice devil.
The ice devil is moderately wounded.
The ice devil hits you!
* * * LOW HITPOINT WARNING * * *
The ice devil freezes you!
* * * LOW HITPOINT WARNING * * *
You feel a strong urge to attack something.
The ice devil hits you.
* * * LOW HITPOINT WARNING * * *
The ice devil freezes you!!
You die...

###+#####
.......# #......#
##≈
#......#######≈≈≈
#...........≈≈#≈≈
#............≈≈≈≈
#...........≈≈≈≈≈
#...@#.......#
#....4...<..##
#..#4.)#.##.#
##..9.......#
#.#.#.#.####
#.#...#.# .
......#
##.####### ..


You could see 2 ice devils and a gargoyle.

Vanquished Creatures
  4 two-headed ogres
  Pikel (D:8)
  Maurice (D:9)
  An ice devil (IceCv)
  2 water moccasins
  2 ice beasts (D:10)
  3 orc warriors
  2 black bears
  A hornet zombie (D:9)
  2 sky beasts
  6 ogres
  A necrophage (D:9)
  6 centaurs
  4 bullfrogs
  A scorpion (D:9)
  5 killer bees
  11 wights
  A centaur zombie (D:5)
  A quasit (D:10)
  4 jellies
  9 hounds
  A bullfrog skeleton (D:10)
  An iguana (D:9)
  8 orc wizards
  5 orc priests
  Jessica (D:3)
  Terence (D:3)
  3 worker ants
  A hound zombie (D:7)
  A hound skeleton (D:4)
  9 adders
  3 gnolls (D:9)
  A shadow imp (D:9)
  2 white imps
  5 ufetubi
  An adder zombie (D:5)
  An adder skeleton (D:9)
  2 worms
  A dart slug (D:2)
  4 leopard geckos
  32 orcs
  A ball python (D:4)
  7 giant cockroaches
  15 goblins
  6 hobgoblins
  16 jackals
  9 kobolds
  3 quokkas
  6 bats
  4 frilled lizards
  4 rats
222 creatures vanquished.

Vanquished Creatures (collateral kills)
  Maggie (D:7)
1 creature vanquished.

Grand Total: 223 creatures vanquished

Notes
Turn   | Place    | Note
-------+----------+-------------------------------------------
     0 | D:1      | greenreed the Hill Orc Berserker began the quest for the
                  | Orb.
     0 | D:1      | Reached XP level 1. HP: 19/19 MP: 1/1
    92 | D:1      | Reached XP level 2. HP: 27/27 MP: 2/2
   388 | D:1      | Reached XP level 3. HP: 34/34 MP: 3/3
   436 | D:1      | Reached ** piety under Trog
   869 | D:2      | Found a faded altar of an unknown god.
   897 | D:2      | Found a bloodstained altar of Trog.
  1075 | D:2      | Reached XP level 4. HP: 41/41 MP: 4/4
  1274 | D:2      | Reached skill level 4 in Polearms
  1752 | D:3      | Noticed Terence
  2103 | D:3      | Killed Terence
  2104 | D:3      | Reached XP level 5. HP: 47/47 MP: 5/5
  2257 | D:3      | Found a runed translucent door.
  2258 | D:3      | Noticed Crazy Yiuf
  2634 | D:3      | Reached skill level 5 in Polearms
  2634 | D:3      | Reached XP level 6. HP: 32/53 MP: 6/6
  2832 | D:3      | Reached *** piety under Trog
  2885 | D:3      | Noticed Jessica
  2890 | D:3      | Killed Jessica
  2943 | D:3      | Found a runed translucent door.
  2956 | D:3      | Noticed Arex's ghost (amateur DrMo)
  3075 | D:3      | Found a runed translucent door.
  3603 | D:4      | Reached skill level 5 in Fighting
  3637 | D:4      | Found an iron altar of Okawaru.
  3789 | D:4      | Reached XP level 7. HP: 34/61 MP: 7/7
  3931 | D:4      | Found a staircase to the Ecumenical Temple.
  3978 | D:4      | Reached skill level 6 in Polearms
  3978 | D:4      | Reached skill level 5 in Armour
  4715 | D:5      | Entered Level 5 of the Dungeon
  5072 | D:5      | Reached XP level 8. HP: 66/70 MP: 8/8
  5284 | D:5      | Reached skill level 7 in Polearms
  5335 | D:5      | You fall into a shaft and drop 1 floor!
  5381 | D:6      | Found Lasm's Antique Armour Boutique.
  5517 | D:5      | Found a burning altar of Makhleb.
  6199 | D:6      | Reached **** piety under Trog
  6836 | D:7      | Found a transporter.
  6863 | D:7      | Noticed Maggie
  6884 | D:7      | Killed Maggie
  6885 | D:7      | Reached skill level 8 in Polearms
  7039 | D:7      | Found a transporter.
  7321 | D:7      | Reached XP level 9. HP: 72/78 MP: 9/9
  7467 | D:7      | Reached skill level 9 in Polearms
  8209 | D:8      | Noticed Pikel
  8232 | D:8      | Killed Pikel
  8233 | D:8      | Reached skill level 10 in Polearms
  8285 | D:8      | Noticed a two-headed ogre
  8292 | D:8      | Killed a two-headed ogre
  8293 | D:8      | Reached skill level 11 in Polearms
  8449 | D:8      | Reached XP level 10. HP: 88/88 MP: 10/10
  8919 | D:9      | Reached ***** piety under Trog
  9059 | D:9      | Noticed Maurice
  9362 | D:9      | Killed Maurice
  9363 | D:9      | Reached skill level 12 in Polearms
  9608 | D:10     | Entered Level 10 of the Dungeon
  9892 | D:10     | Noticed a two-headed ogre
 10097 | D:9      | Killed a two-headed ogre
 10098 | D:9      | Reached skill level 5 in Dodging
 10495 | D:10     | Found Kocoetha's Distillery.
 10501 | D:10     | Bought a potion of heal wounds for 75 gold pieces
 10629 | D:10     | Noticed a two-headed ogre
 10636 | D:10     | Killed a two-headed ogre
 10637 | D:10     | Reached XP level 11. HP: 66/97 MP: 11/11
 10788 | D:10     | Found a stormy altar of Qazlal.
 11089 | D:10     | Found a staircase to the Orcish Mines.
 11323 | D:11     | Found a frozen archway.
 11323 | D:11     | Noticed a two-headed ogre
 11333 | D:11     | Killed a two-headed ogre
 11334 | D:11     | Reached skill level 13 in Polearms
 11427 | IceCv    | Entered an ice cave
 11507 | D:11     | Mangled by an ice devil

Illustrated notes

Levels and vault maps discovered:
D:1:      eino_arrival_druids_welcome, layout_basic
D:2:      layout_loops_cross, chequers_ecumenical_altar_simple_redux, trog_book
D:3:      layout_loops_ring, ebering_ghost_sewer_f, uniq_crazy_yiuf_cottage,
          uniq_jessica, uniq_terence
D:4:      layout_loops_ring, okawaru_metal_pillars_1_2,
          minmay_temple_entry_from_below_a, serial_forest,
          infiniplex_forest_clump_small, infiniplex_forest_clump_curved,
          infiniplex_forest_clump_double, infiniplex_forest_3_way,
          infiniplex_forest_fountain, infiniplex_forest_end_double,
          minmay_misc_feat_x, kennysheep_decorative_pillar
D:5:      layout_rooms, interstate_on_off, makhleb_heckhound_becter
D:6:      layout_loops_corners, serial_shops, shop, minmay_misc_feat_alley,
          st_stairs_13
D:7:      gammafunk_cloud_chamber, layout_basic, uniq_maggie
D:8:      layout_cave_pools, uniq_pikel
D:9:      layout_rooms, uniq_maurice
D:10:     layout_loops_cross, orc_0_dummy, serial_shops, nicolae_shop_trees,
          nicolae_qazlal_style_of_elements
D:11:     layout_basic, dpeg_lair_monsters, portal_ice_cave_entry_pillars_1,
          lemuel_hellish_altar

Skill      XL: |  1  2  3  4  5  6  7  8  9 10 11 |
---------------+----------------------------------+-----
Fighting       | 4 5 6 7 9 |  9.7
Dodging        | 2 3 4 5 |  5.5
Armour         | 3 4 5 6 7 8 |  8.2
Polearms       | 4 5 6 8 11 12 13 | 13.1
Stealth        | |  0.2
Unarmed Combat | |  0.4

Action                   |  1- 3 |  4- 6 |  7- 9 | 10-12 || total
-------------------------+-------+-------+-------+-------++-------
Melee: Spear             |   160 |   217 |   256 |       ||   633
       Unarmed           |       |     3 |       |       ||     3
       Halberd           |       |       |   142 |   285 ||   427
Invok: Berserk           |       |     6 |     8 |     7 ||    21
       Brothers in Arms  |       |       |     1 |       ||     1
       Trog's Hand       |       |       |       |     1 ||     1
  Use: Scroll            |       |     1 |     4 |     1 ||     6
 Stab: Sleeping          |     1 |       |       |       ||     1
       Distracted        |       |       |     1 |       ||     1
Armor: Ring mail         |    57 |    33 |    59 |       ||   149
       Swamp dragon scal |       |       |    67 |   167 ||   234
Dodge: Dodged            |    96 |    75 |   192 |   247 ||   610

Table legend: (Time is in decaauts)
 A = Elapsed time spent in this place.
 B = Non-inter-level travel time spent in this place.
 C = Inter-level travel time spent in this place.
 D = Time resting spent in this place.
 E = Time spent auto-exploring this place.
 F = Levels seen in this place.
 G = Mean time per level.
                   A        B        C        D        E       F      G
               +--------+--------+--------+--------+--------+-----+--------+
         Total |  11553 |  11395 |    158 |   3457 |   5712 |  12 |  962.8 |
       Dungeon |  11480 |  11322 |    158 |   3411 |   5709 |  11 | 1043.6 |
      Ice Cave |     73 |     73 |      0 |     46 |      3 |   1 |   73.0 |
               +--------+--------+--------+--------+--------+-----+--------+

Top non-repeatable levels by time:
     D:4: 1591 daAuts
     D:3: 1443 daAuts
     D:9: 1361 daAuts
     D:7: 1254 daAuts
     D:2: 1115 daAuts
    D:10: 1085 daAuts
     D:6: 969 daAuts
     D:8: 858 daAuts
     D:5: 857 daAuts
     D:1: 836 daAuts
    D:11: 107 daAuts
   IceCv: 73 daAuts
